[Event "IIFL Wealth 4th Mumbai GM"]
[Site "Mumbai"]
[Date "2019.01.05"]
[Round "7"]
[White "Bhasima, Prashan"]
[Black "Snehal, Bhosale"]
[Result "0-1"]
[ECO "B38"]
[WhiteElo "1658"]
[BlackElo "2135"]
[Annotator "NA"]
[PlyCount "120"]
[EventDate "2018.12.30"]
[EventType "swiss"]
[EventCountry "IND"]
[SourceTitle "playchess.com"]
[Source "ChessBase"]
[SourceQuality "1"]
[TimeControl "40/5400+30:1800+30"]

1. e4 c5 2. c4 Nc6 3. Nf3 g6 4. d4 cxd4 5. Nxd4 Bg7 6. Be3 Nf6 7. Nc3 d6 8. Be2 O-O 9. O-O Bd7 10. Qd2 Ng4 11. Nxc6 bxc6 12. Bxg4 Bxg4 13. Bh6 Qa5 14. Bxg7 Kxg7 15. Kh1 Rfd8 16. f3 Be6 17. Rfd1 Rd7 18. Qd4+ Kg8 19. b3 Rad8 20. Rd2 d5 21. exd5 cxd5 22. c5 Rb7 23. Rad1 Rc8 24. Nxd5 Qxc5 25. Qe4 Rd7 26. h3 Bxd5 27. Rxd5 Rxd5 28. Qxd5 Qf2 29. a4 h5 30. Qd4 Qc2 31. Qd3 Qb2 32. Qd4 Qxb3 33. Rd3 Qc2 34. Rd2 Qc4 35. Qd7 h4 36. Rd1 Rc7 37. Qd8+ Kg7 38. Qd4+ f6 39. Kh2 g5 40. Kg1 Qxd4+ 41. Rxd4 Rc1+ 42. Kh2 Ra1 43. Re4 e5 44. Rc4 a5 45. g4 Kf7 46. Rc7+ Ke6 47. Rc6+ Ke7 48. Rc4 Kd6 49. Kg2 Kd5 50. Re4 Rd1 51. Re2 Rd4 52. Ra2 Kc4 53. Rc2+ Kb3 54. Rc6 Rf4 55. Rb6+ Kxa4 56. Rb8 Rb4 57. Rf8 Rb6 58. Kf2 Kb3 59. Ke3 a4 60. Rb8 Rxb8 {[%emt 0:00:05] Kd4} 0-1

[Event "IIFL Wealth 4th Mumbai GM"]
[Site "Mumbai"]
[Date "2019.01.05"]
[Round "7"]
[White "Regmi, Shikhar"]
[Black "Larmet, Nino"]
[Result "0-1"]
[ECO "C50"]
[WhiteElo "1610"]
[BlackElo "1835"]
[Annotator "NA"]
[PlyCount "136"]
[EventDate "2018.12.30"]
[EventType "swiss"]
[EventCountry "IND"]
[SourceTitle "playchess.com"]
[Source "ChessBase"]
[SourceQuality "1"]
[TimeControl "40/5400+30:1800+30"]

1. e4 e5 2. Nc3 Nc6 3. Nf3 Nf6 4. Bc4 Bc5 5. O-O d6 6. h3 O-O 7. a3 Be6 8. Be2 Nd4 9. d3 Nxe2+ 10. Qxe2 h6 11. Be3 Bb6 12. Kh1 c6 13. Nh2 Bd7 14. f4 Bxe3 15. Qxe3 Nh5 16. fxe5 dxe5 17. Ne2 Qh4 18. g4 Nf6 19. Kg2 Nh7 20. Qg3 Qxg3+ 21. Nxg3 g6 22. Nf3 Rfe8 23. Rf2 Re7 24. Raf1 Ng5 25. Nxg5 hxg5 26. Ne2 Rf8 27. Rf6 Re6 28. Rxe6 Bxe6 29. Kg3 Kg7 30. b4 Rd8 31. a4 b6 32. Rb1 Rc8 33. a5 Rb8 34. Nc3 bxa5 35. bxa5 Rxb1 36. Nxb1 Kf6 37. c3 c5 38. Kf3 Ke7 39. Na3 a6 40. Ke3 Kd7 41. d4 exd4+ 42. cxd4 cxd4+ 43. Kxd4 f5 44. exf5 gxf5 45. gxf5 Bxf5 46. Nc4 Bxh3 47. Kc5 Bf1 48. Ne3 Be2 49. Kd5 Bf3+ 50. Kc5 Kc7 51. Nf5 g4 52. Ng3 Bb7 53. Nh5 Bc8 54. Ng3 Kd7 55. Kb6 Ke7 56. Kc7 Be6 57. Kb6 Bc4 58. Nf5+ Kf6 59. Ne3 g3 60. Ng2 Ke5 61. Kc5 Bb5 62. Nh4 Kf4 63. Ng2+ Ke4 64. Nh4 Bf1 65. Kb4 Kf4 66. Ng6+ Kf5 67. Ne7+ Ke4 68. Ng8 g2 0-1

[Event "IIFL Wealth 4th Mumbai GM"]
[Site "Mumbai"]
[Date "2019.01.05"]
[Round "7"]
[White "Dhungel, Uttam"]
[Black "Ahsan, Ali Jewel"]
[Result "1-0"]
[ECO "E21"]
[WhiteElo "1587"]
[BlackElo "1363"]
[Annotator "NA"]
[PlyCount "81"]
[EventDate "2018.12.30"]
[EventType "swiss"]
[EventCountry "IND"]
[SourceTitle "playchess.com"]
[Source "ChessBase"]
[SourceQuality "1"]
[TimeControl "40/5400+30:1800+30"]

1. d4 Nf6 2. c4 e6 3. Nc3 b6 4. Nf3 Bb7 5. Bg5 Be7 6. e3 h6 7. Bh4 d5 8. Bd3 Ne4 9. Bxe7 Qxe7 10. O-O Nxc3 11. bxc3 dxc4 12. Bxc4 Nd7 13. Re1 O-O 14. e4 e5 15. Qc2 exd4 16. cxd4 Rfe8 17. Bd3 Rac8 18. Rad1 c5 19. d5 Ne5 20. Nxe5 Qxe5 21. Bb5 Red8 22. g3 g5 23. Qc4 Rd6 24. Rf1 a6 25. Bxa6 Bxa6 26. Qxa6 Re8 27. Rfe1 Kg7 28. a4 h5 29. a5 bxa5 30. Qxa5 c4 31. Re3 Rc8 32. Rc1 Kf6 33. Qc3 Qxc3 34. Rexc3 Ke5 35. Rxc4 Rxc4 36. Rxc4 f5 37. f3 f4 38. Kf2 h4 39. gxh4 gxh4 40. Rc6 Rd8 41. Rh6 1-0

[Event "IIFL Wealth 4th Mumbai GM"]
[Site "Mumbai"]
[Date "2019.01.05"]
[Round "7"]
[White "Wahba, David George"]
[Black "Kishor, Shazzad"]
[Result "0-1"]
[ECO "B06"]
[WhiteElo "1295"]
[BlackElo "1730"]
[Annotator "NA"]
[PlyCount "75"]
[EventDate "2018.12.30"]
[EventType "swiss"]
[EventCountry "IND"]
[SourceTitle "playchess.com"]
[Source "ChessBase"]
[SourceQuality "1"]
[TimeControl "40/5400+30:1800+30"]

1. e4 g6 2. d4 Bg7 3. Nf3 c5 4. c3 cxd4 5. cxd4 d6 6. Nc3 Nf6 7. Be2 O-O 8. O-O Nc6 9. Bf4 a6 10. Qd2 d5 11. e5 Ne4 12. Qe3 Nxc3 13. bxc3 Bg4 14. Bh6 Na5 15. Bxg7 Kxg7 16. Rab1 b5 17. h3 Bxf3 18. Qxf3 Rc8 19. Rfc1 e6 20. Qg3 Nc4 21. Bxc4 Rxc4 22. Rb4 Qc7 23. Rxc4 Qxc4 24. a3 Qa2 25. Qf4 Qxa3 26. Qf6+ Kg8 27. Rc2 Qb3 28. Rc1 Qb2 29. Rf1 Qxc3 30. h4 Qd3 31. h5 Qf5 32. hxg6 Qxf6 33. gxh7+ Kxh7 34. exf6 Kg6 35. Ra1 Ra8 36. f4 Kxf6 37. g4 b4 38. Kf2 {Ke5} 0-1

[Event "IIFL Wealth 4th Mumbai GM"]
[Site "Mumbai"]
[Date "2019.01.05"]
[Round "7"]
[White "Kafle, Binod"]
[Black "Chowdhury, Sohel"]
[Result "0-1"]
[ECO "B10"]
[WhiteElo "1191"]
[BlackElo "2012"]
[Annotator "NA"]
[PlyCount "80"]
[EventDate "2018.12.30"]
[EventType "swiss"]
[EventCountry "IND"]
[SourceTitle "playchess.com"]
[Source "ChessBase"]
[SourceQuality "1"]
[TimeControl "40/5400+30:1800+30"]

1. e4 c6 2. Bc4 d5 3. exd5 cxd5 4. Bb3 Nc6 5. d4 Nf6 6. Bg5 e6 7. Ne2 h6 8. Bxf6 Qxf6 9. O-O Bd6 10. Nbc3 a6 11. a3 O-O 12. Qd3 b5 13. Nd1 Na5 14. Ba2 Nc4 15. c3 Bb7 16. Bb1 g6 17. Bc2 Rac8 18. b3 Nxa3 19. Ne3 Nxc2 20. Qxc2 h5 21. f4 Rc7 22. Qd3 Rfc8 23. Rac1 Ba3 24. Rc2 Bf8 25. Rcc1 b4 26. c4 dxc4 27. Nxc4 Bd5 28. Nb6 Rxc1 29. Nxc1 Rc3 30. Nxd5 exd5 31. Qd2 Bg7 32. Ne2 Rxb3 33. Qc2 Re3 34. Qc8+ Kh7 35. Qc2 b3 36. Qd2 Rxe2 37. Qxe2 Qxd4+ 38. Kh1 b2 39. Qxa6 Qc4 40. Qxc4 dxc4 0-1